 Dungeon Crawl Stone Soup version 0.20.1-1-g8b1a95d (webtiles) character file.

156 pstr the Conjurer (level 5, -2/28 HPs)
             Began as a Kobold Conjurer on Nov 20, 2017.
             Slain by a river rat (6 damage)
             ... in a sewer.
             The game lasted 00:11:13 (3856 turns).

pstr the Conjurer (Kobold Conjurer)                 Turns: 3856, Time: 00:11:14

Health: -2/28      AC:  5    Str:  6    XL:     5   Next: 64%
Magic:  0/9        EV: 16    Int: 17    God:
Gold:   99         SH:  0    Dex: 15    Spells: 7/10 levels left

rFire    . . .     SeeInvis .   s - +0 dagger
rCold    . . .     Gourm    .   (shield restricted)
rNeg     . . .     Faith    .   g - +0 animal skin
rPois    .         Spirit   .   j - +1 helmet
rElec    .         Reflect  .   (no cloak)
rCorr    .         Harm     .   (no gloves)
MR       .....                  i - +0 pair of boots
Stlth    ++........             (no amulet)
Regen    0.1/turn               (no ring)
MPRegen  0.2/turn               (no ring)

@: no status effects
A: carnivore 3
a: no special abilities


You were in a sewer.
You were full.

You visited 1 branch of the dungeon, and saw 3 of its levels.
You also visited: Sewer.

You collected 99 gold pieces.

Inventory:

Hand Weapons
 s - a +0 dagger (weapon)
 v - a cursed -3 trident
Missiles
 d - 52 arrows
 f - 61 stones (quivered)
Armour
 a - a +0 robe
 g - a +0 animal skin (worn)
 i - a +0 pair of boots (worn)
 j - a +1 helmet (worn)
 t - a +0 ring mail
Jewellery
 p - an uncursed amulet of regeneration {unknown}
Scrolls
 e - a scroll of blinking {unknown}
 h - a scroll of immolation {unknown}
 k - 4 scrolls of remove curse {unknown}
 m - a scroll of enchant armour {unknown}
 n - a scroll of fog {unknown}
 o - 2 scrolls of teleportation {unknown}
 r - a scroll of recharging {unknown}
 u - 2 scrolls of identify {unknown}
Books
 b - a book of Conjurations

   Spells                             Type                      Level
   a - Magic Dart                     Conjuration                  1
   b - Searing Ray                    Conjuration                  2
   c - Dazzling Spray                 Conjuration/Hexes            3
   d - Fulminant Prism                Conjuration/Hexes            4
   e - Force Lance                    Conjuration/Translocation    4
   f - Iskenderun's Mystic Blast      Conjuration                  4
Comestibles
 c - a meat ration


   Skills:
 + Level 0.7 Fighting
 + Level 0.6 Short Blades
 + Level 3.2 Dodging
 + Level 3.5 Stealth
 + Level 3.0 Spellcasting
 + Level 5.4 Conjurations


You had 7 spell levels left.
You knew the following spells:

 Your Spells              Type           Power        Failure   Level  Hunger
a - Magic Dart            Conj           ###.         1%          1    None
b - Searing Ray           Conj           ###...       2%          2    ##.....


Dungeon Overview and Level Annotations

Branches:
Dungeon (3/15)

Altars:
Elyvilon


Innate Abilities, Weirdness & Mutations

You are small and have problems with some larger weapons.
You are carnivorous and can eat meat at any time.


Message History

The ball python barely misses you. The ball python closely misses you.
The river rat twitches its whiskers.
The ball python closely misses you. x2
The ball python misses you. x2
Casting: Magic Dart
Confirm with . or Enter, or press ? or * to list all spells.
Aiming: Searing Ray
Press: ? - help, Shift-Dir - straight line, f/p - river rat
Aim: a river rat (almost dead)
The searing ray hits the ball python.
You kill the ball python! (Press . to maintain the ray.)
The searing ray hits the river rat.
The river rat is almost dead.
The river rat bites you.
* * * LOW HITPOINT WARNING * * *
You barely miss the river rat.
The river rat is almost dead.
The river rat bites you.
You die...

.#≈≈≈≈≈≈≈....#
..≈†≈≈≈≈≈≈...##
.≈.≈≈≈≈≈≈≈....##
..≈≈≈≈≈≈.≈.....#
..≈≈≈≈≈≈≈......#
...≈≈≈≈≈.......#
#.≈≈≈≈≈.......##
##.≈≈≈≈≈≈.....#
##.≈≈≈≈≈.@...##
#..≈≈≈.≈rr...####
....≈≈......###∩#
...≈≈≈...r..###.#
...≈≈≈...r...#..#
....≈≈≈.r......##
....≈≈≈.......##
...≈≈≈≈......##
....≈≈≈≈≈....##


You could see 3 river rats and 2 rats.

Vanquished Creatures
  Robin (D:2)
  2 adders
  4 river rats (Sewer)
  3 worms
  2 dart slugs
  An orc (D:3)
  4 giant cockroaches
  11 goblins
  8 hobgoblins
  2 jackals (D:2)
  2 quokkas (D:2)
  A ball python (Sewer)
  11 bats
  5 frilled lizards
  8 kobolds
  14 rats
79 creatures vanquished.

Vanquished Creatures (others)
  4 toadstools (D:1)
4 creatures vanquished.

Grand Total: 83 creatures vanquished

Notes
Turn   | Place    | Note
-------+----------+-------------------------------------------
     0 | D:1      | pstr the Kobold Conjurer began the quest for the Orb.
     0 | D:1      | Reached XP level 1. HP: 10/10 MP: 3/3
   425 | D:1      | Reached XP level 2. HP: 15/15 MP: 1/5
   429 | D:1      | Learned a level 2 spell: Searing Ray
  1242 | D:1      | Reached XP level 3. HP: 19/19 MP: 4/6
  1268 | D:2      | Found a white marble altar of Elyvilon.
  1986 | D:2      | Reached skill level 5 in Conjurations
  1986 | D:2      | Reached XP level 4. HP: 24/24 MP: 2/7
  2288 | D:2      | Found a faded altar of an unknown god.
  2666 | D:2      | Noticed Robin
  2689 | D:2      | Killed Robin
  3034 | D:3      | Reached XP level 5. HP: 26/28 MP: 5/9
  3082 | D:3      | Found a glowing drain.
  3133 | Sewer    | Entered a sewer
  3856 | Sewer    | Slain by a river rat

Skill      XL: |  1  2  3  4  5 |
---------------+----------------+-----
Stealth        | 3 |  3.5
Conjurations   | 5 |  5.4
Spellcasting   | 3 |  3.0
Dodging        | 3 |  3.2
Fighting       | |  0.7
Short Blades   | |  0.6

Action                   |  1- 3 |  4- 6 || total
-------------------------+-------+-------++-------
Melee: Unarmed           |     7 |       ||     7
       Dagger            |     5 |    80 ||    85
 Cast: Magic Dart        |    52 |    63 ||   115
       Searing Ray       |    10 |    22 ||    32
  Use: Potion            |       |     8 ||     8
  Eat: Chunk             |    12 |     5 ||    17
Armor: Robe              |     2 |     4 ||     6
       Skin              |       |     8 ||     8
       Animal skin       |       |    14 ||    14
Dodge: Dodged            |    16 |   120 ||   136
